Cogmind - Beta 16 @@@ ROGUE MODE // 2025.11.10 @ 12:41:20 Player: ChromeKnight Result: Destroyed by AV-FDZ(R) with Subdweller Machine Gun Performance ------------- Evolutions (0) 0 Regions Visited (2) 400 Robots Destroyed (7) 35 Value Destroyed (281) 281 Prototype IDs (12) 240 Alien Tech Used (0) 0 Bonus (0) 0 TOTAL SCORE: 956 Bonus ------- None Cogmind --------- Core Integrity 0/250 Matter 283/300 Energy 67/100 System Corruption 0% Temperature Cool (0) Movement Core (500) Ox9 Location -10/Subcaves Parts ------- > --- POWER (1) -------- (None) > --- PROPULSION (2) --- (None) > --- UTILITY (2) ------ Large Storage Unit > --- WEAPON (2) ------- Subdweller Beam Cannon > --- INVENTORY (15) --- Makeshift Leg Small Storage Unit Gun Armor Scrap Shield Makeshift System Shield Riot Gun Riot Gun Small Laser Subdweller Beam Cannon Light Assault Rifle Subdweller Machine Gun Makeshift Shrapnel Gun Ripper Piercing Trap Peak State ------------ > --- POWER ------------ Ion Engine > --- PROPULSION ------- Light Treads Subdweller Monowheel > --- UTILITY ---------- Large Storage Unit Structural Scanner > --- WEAPON ----------- Subdweller Beam Cannon Subdweller Machine Gun > --- INVENTORY -------- Makeshift Leg Small Storage Unit Gun Armor Scrap Shield Makeshift System Shield Riot Gun Riot Gun Small Laser Subdweller Beam Cannon Light Assault Rifle Subdweller Machine Gun Makeshift Shrapnel Gun Ripper Piercing Trap [Rating: 14] Favorites ----------- Power Ion Engine Engine Ion Engine Propulsion Light Treads Treads Light Treads Wheel Subdweller Monowheel Utility Large Storage Unit Device Structural Scanner Storage Large Storage Unit Weapon Subdweller Machine Gun Energy Gun Small Laser Energy Cannon Subdweller Beam Cannon Ballistic Gun Subdweller Machine Gun Build | -11 -10 -10 ------- Run | Yrd Mat Sub Slots Evolved . | . . . Power . | . . . Propulsion . | . . . Utility . | . . . Weapon . | . . . Parts Attached 13 | 6 1 6 Power 1 | 1 . . Engine 1 | 1 . . Core . | . . . Reactor . | . . . Propulsion 3 | 2 . 1 Treads 2 | 2 . . Leg . | . . . Wheel 1 | . . 1 Hover . | . . . Flight . | . . . Utility 3 | 1 1 1 Device 1 | . . 1 Storage 2 | 1 1 . Processor . | . . . Hackware . | . . . Protection . | . . . Artifact . | . . . Weapon 6 | 2 . 4 Energy Gun 1 | 1 . . Energy Cannon 2 | . . 2 Ballistic Gun 3 | 1 . 2 Ballistic Cannon . | . . . Launcher . | . . . Special Weapon . | . . . Impact Weapon . | . . . Slashing Weapon . | . . . Piercing Weapon . | . . . Special Melee Weapon . | . . . Unidentified Prototypes . | . . . Parts Lost 6 | . . 6 Power 1 | . . 1 Propulsion 3 | . . 3 Utility 1 | . . 1 Weapon 1 | . . 1 Highest Loss Streak 5 | . . 5 To Critical Strikes 2 | . . 2 Average Backups 6 | . . 7 Power . | . . . Propulsion . | . . . Utility 2 | . . 2 Weapon 4 | . . 4 Tool/Special . | . . . Unused Backups 9 | . . 9 Power . | . . . Propulsion 1 | . . 1 Utility 3 | . . 3 Weapon 5 | . . 5 Tool/Special . | . . . Average Slot Usage (%) 85 | . 85 85 Engine 13 | . 14 13 Treads 16 | . 28 16 Device 11 | . . 12 Storage 14 | . 14 14 Energy Gun 3 | . 14 2 Energy Cannon 1 | . . 1 Ballistic Gun 23 | . 14 23 Peak Build Rating 14 | 6 7 14 Average Rating 9 | 3 6 9 On Entrance 4 | . 6 6 Avg Prop Armor Cover (%) . | . . . Naked Turns . | . . . Heaviest Build 38 | 12 32 38 Greatest Support 40 | 40 40 40 Greatest Overweight (x) 1 | . . 1 Average Overweight (x) . | . . . Largest Inventory Capacity 15 | 8 15 15 Average Capacity 14 | 5 13 15 Most Carried 15 | . 1 15 Average Carried 8 | . . 8 Final Capacity 15 | 8 15 15 Final Carried 15 | . 1 15 Class Distribution -------------------- 100% | Mutant Dominant Class ---------------- Mutant | -10/Materials Mutant | -10/Subcaves Resources | -11 -10 -10 ----------- Run | Yrd Mat Sub Matter Collected 422 | 215 . 207 Remotely . | . . . Salvage Created 294 | . . 294 Parts 15 | . . 15 Haulers Intercepted . | . . . Recyclers Shooed . | . . . Parts Field Recycled . | . . . Retrieved Matter . | . . . Parts Self-Destructed 18 | . . 18 Prevented . | . . . Parts Restored . | . . . Kills | -11 -10 -10 ------- Run | Yrd Mat Sub Combat Hostiles Destroyed 7 | . . 7 Guns 6 | . . 6 Cannons 1 | . . 1 Classes Destroyed 3 | . . 3 Grunt 2 | . . 2 Artisan 1 | . . 1 Subdweller 5 | . . 5 Best Kill Streak 2 | . . 2 Combat Bots Only 2 | . . 2 Max Kills in Single Turn 1 | . . 1 Gunslinging . | . . . Exploded . | . . . Melee . | . . . Uniques/NPCs Destroyed . | . . . Combat | -11 -10 -10 -------- Run | Yrd Mat Sub Hostile Shots Fired 75 | . 2 73 Missed 22 | . . 22 Hits 53 | . 2 51 Projectile 53 | . 2 51 Critical Strikes 3 | . . 3 Damage Taken 1065 | . 20 1045 Core 252 | . 10 242 Absorbed by Shields . | . . . Core Remaining (%) 100 | 100 . . Volleys Fired 65 | . . 65 Largest 2 | . . 2 Hottest 110 | . . 110 Shots Fired 119 | . . 119 Gun 92 | . . 92 Cannon 27 | . . 27 Launcher . | . . . Special . | . . . Kinetic 75 | . . 75 Thermal 44 | . . 44 Explosive . | . . . Electromagnetic . | . . . Robot Hit Streak 28 | . . 28 Robot Miss Streak 5 | . . 5 Penetration Max . | . . . Secondary Targets 1 | . . 1 Max Gunslinging Chain 1 | . . 1 Shots Hit Robots 72 | . . 72 Core Hits 17 | . . 17 Critical Kills . | . . . Critical Parts Destroyed . | . . . Critical Strikes . | . . . Melee Attacks . | . . . Impact . | . . . Slashing . | . . . Piercing . | . . . Sneak Attacks . | . . . Combat Hostiles . | . . . Follow-up Attacks . | . . . Damage Inflicted 1150 | . . 1150 Guns 843 | . . 843 Cannons 307 | . . 307 Explosions . | . . . Melee . | . . . Ramming . | . . . Kinetic 658 | . . 658 Thermal 492 | . . 492 Explosive . | . . . Electromagnetic . | . . . Impact . | . . . Slashing . | . . . Piercing . | . . . Highest Corruption . | . . . Average Corruption . | . . . Corruption Purged . | . . . Corruption Blocked . | . . . Overload Shots . | . . . Overflow Damage . | . . . Projectiles . | . . . Explosions . | . . . Melee . | . . . Knockbacks . | . . . Impact . | . . . Kinetic . | . . . Secondary . | . . . Self-Inflicted Damage . | . . . Shots . | . . . Rammed . | . . . Targets Rammed . | . . . Kicked . | . . . Crushed . | . . . Highest Temperature 5 | . . 5 Average Temperature 5 | . . 5 Received Heat Transfer 81 | . 12 69 Siege Activations . | . . . Martial Activations . | . . . Shielding Activations . | . . . Robots Disrupted . | . . . Combat Hostiles . | . . . Robots Corrupted . | . . . Combat Hostiles . | . . . Parts Fried . | . . . Impact Corruptions . | . . . Robots Melted . | . . . Combat Hostiles . | . . . Parts Melted . | . . . Heat Transferred 832 | . . 832 Parts Sabotaged . | . . . Parts Stolen . | . . . Parts Stripped . | . . . Power Chain Reactions . | . . . Alert | -11 -10 -10 ------- Run | Yrd Mat Sub Maximum Alert Level . | . . . Low Security (%) 100 | 100 100 . Level 1 . | . . . Level 2 . | . . . Level 3 . | . . . Level 4 . | . . . Level 5 . | . . . High Security . | . . . Max Security . | . . . Peak Influence . | . . . Initial . | . . . Average . | . . . Influence Increases 50 | . . 50 Destroy 0b10 Robot/C 40 | . . 40 Destroy Leader 10 | . . 10 Influence Decreases 50 | . . 50 Time Decay 50 | . . 50 Squads Dispatched 2 | . 2 . Investigation . | . . . Extermination . | . . . Reinforcement 2 | . 2 . Assault . | . . . Garrison . | . . . Intercept . | . . . Searches Triggered . | . . . Construction Impeded . | . . . Haulers Reinforced . | . . . Active Scanning Responses . | . . . Cargo Convoy Interrupts . | . . . Stealth | -11 -10 -10 --------- Run | Yrd Mat Sub Distress Signals . | . . . Communications Jammed . | . . . Distress Signals . | . . . Times Spotted 12 | . 2 10 Peak Tracking Total 3 | . 1 3 Tactical Retreats . | . . . Traps | -11 -10 -10 ------- Run | Yrd Mat Sub Traps Triggered . | . . . Indirectly . | . . . Trap Hack Attempts . | . . . Triggered . | . . . Disarmed . | . . . Reprogrammed . | . . . Reused . | . . . Traps Extracted . | . . . Installed . | . . . Triggered . | . . . Most Traps Carried 1 | . . 1 Machines | -11 -10 -10 ---------- Run | Yrd Mat Sub Machines Disabled 1 | . . 1 Max in Single Turn 1 | . . 1 Machines Repaired . | . . . Machines Dismantled . | . . . Machines Sabotaged . | . . . Overloaded Fab Kills . | . . . Hacking | -11 -10 -10 --------- Run | Yrd Mat Sub Machines Accessed 3 | . 1 2 Terminals 1 | . 1 . Fabricators . | . . . Repair Stations . | . . . Recycling Units . | . . . Scanalyzers . | . . . Garrison Access . | . . . Total Hacks 7 | . 3 4 Successful 6 | . 2 4 Failed 1 | . 1 . Catastrophic . | . . . Database Lockouts . | . . . Manual 1 | . 1 . Terminals 3 | . 3 . Fabricators . | . . . Repair Stations . | . . . Recycling Units . | . . . Scanalyzers . | . . . Garrison Access . | . . . Terminal Hacks 5 | . 1 4 Record 3 | . . 3 Robot Analysis 1 | . 1 . Proto ID Catalog 1 | . . 1 Fabricator Hacks . | . . . Repair Station Hacks . | . . . Recycling Unit Hacks . | . . . Scanalyzer . | . . . Garrison Access Hacks . | . . . Unauthorized Hacks 1 | . 1 . Terminals 1 | . 1 . Skim 1 | . 1 . Fabricators . | . . . Repair Stations . | . . . Recycling Units . | . . . Scanalyzers . | . . . Garrison Access . | . . . Data Cores Recovered . | . . . Used . | . . . Hacking Detections 1 | . 1 . Full Trace Events . | . . . Feedback Events . | . . . Feedback Blocked . | . . . Robot Schematics Acquired . | . . . Robots Built . | . . . Authchips . | . . . Time . | . . . Total Robot Build Rating . | . . . Part Schematics Acquired . | . . . Parts Built . | . . . Authchips . | . . . Time . | . . . Total Part Build Rating . | . . . Part Studies Acquired . | . . . Parts Repaired . | . . . Time . | . . . Parts Recycled . | . . . Recycled Matter . | . . . Retrieved Matter . | . . . Retrieved Components . | . . . Parts Scanalyzed . | . . . Part Schematics Acquired . | . . . Parts Damaged . | . . . Bothacking | -11 -10 -10 ------------ Run | Yrd Mat Sub Used RIF Installer . | . . . Robots Hacked . | . . . Non-combat . | . . . Combat . | . . . Robot Hacks Applied . | . . . Relay Couplers Released . | . . . Fabnet Peak Effective % . | . . . Robots Rewired . | . . . Allies Hacked . | . . . Hacks Repelled . | . . . Allies | -11 -10 -10 -------- Run | Yrd Mat Sub Total Allies . | . . . Largest Group . | . . . Highest-Rated Group . | . . . Highest-Rated Ally . | . . . Total Orders . | . . . Ally Attacks . | . . . Total Damage . | . . . Kills . | . . . Allies Corrupted . | . . . Allies Melted . | . . . Intel | -11 -10 -10 ------- Run | Yrd Mat Sub Active Infowar (turns) 2663 | . . 2663 Structural 2663 | . . 2663 Robot Analysis Total 1 | . 1 . Derelict Logs Recovered 3 | . . 3 Drone Launches . | . . . Drone Recoveries . | . . . Exploration | -11 -10 -10 ------------- Run | Yrd Mat Sub Turns Passed 3336 | 115 242 2979 Spaces Moved 1206 | 79 50 1077 Core 18 | 18 . . Treads 1186 | 61 50 1075 Legs . | . . . Wheels 2 | . . 2 Hover . | . . . Flight . | . . . Fastest Speed 50 | 50 160 120 Average Speed 223 | 134 160 233 Slowest Speed 240 | 160 160 240 Overloaded Moves . | . . . Propulsion Burnouts . | . . . Robots Hopped . | . . . Potential Cave-ins . | . . . Cave-ins Triggered . | . . . Exploration Rate (%) 26 | 3 18 57 Regions Visited 2 Branch Regions 1 Pre-discovered Areas 1 | . . 1 Known Exits Taken . | . . . Unknown Exits Taken 2 | 1 1 . Scrap Searched 3 | . . 3 Spaces Dug . | . . . Terrain Destroyed 5 | . . 5 Melee . | . . . Projectile 5 | . . 5 AOE . | . . . Terrain Rammed . | . . . Walls Destroyed . | . . . Machines Disabled . | . . . Actions | -11 -10 -10 --------- Run | Yrd Mat Sub Total 1723 | 85 212 1426 Wait 426 | 1 161 264 Move 1204 | 78 49 1077 Hop . | . . . Pick Up 11 | . . 11 Fast Attach 10 | 6 1 3 Attach 1 | . . 1 Detach 2 | . 1 1 Swap 3 | . . 3 Drop 1 | . . 1 Fire 65 | . . 65 Melee . | . . . Ram . | . . . Kick . | . . . Crush . | . . . Escape Stasis . | . . . Rewire . | . . . Trap . | . . . Miscellaneous . | . . . Route ------- -11/Scrapyard -10/Materials -10/Subcaves (discovered 2 exits: [*Mat x2]) History --------- Turn | Location | Event 4 | -11/Scrapyard | Discovered new exit (range 16) 116 | -11/Scrapyard | Entered Materials 304 | -10/Materials | Build established: Mutant 323 | -10/Materials | Discovered new exit (range 8) 358 | -10/Materials | Entered Subcaves 625 | -10/Subcaves | Learned location of 1 exit from Materials 627 | -10/Subcaves | A swath of the cavern ceiling suddenly collapsed 754 | -10/Subcaves | Discovered new exit (range 16) 917 | -10/Subcaves | Visited Clippyterm 924 | -10/Subcaves | Learned Factory fabricator intel 967 | -10/Subcaves | Learned location of Zion (-6) 1035 | -10/Subcaves | Shifting Twisted Machinery released Ripper 1047 | -10/Subcaves | Shifting Twisted Machinery released Piercing Trap 1084 | -10/Subcaves | A swath of the cavern ceiling suddenly collapsed 1959 | -10/Subcaves | Visited 4L-MR0's lab 1990 | -10/Subcaves | Found Gun Armor 2075 | -10/Subcaves | Shifting Twisted Machinery released Mak. System Shield 2085 | -10/Subcaves | Learned 2 Materials zone layouts 2099 | -10/Subcaves | Shifting Twisted Machinery released Riot Gun 3099 | -10/Subcaves | Discovered new exit (range 8) 3174 | -10/Subcaves | Shifting Twisted Machinery released Sub. Machine Gun 3178 | -10/Subcaves | Shifting Twisted Machinery released Sub. Laser 3230 | -10/Subcaves | Core integrity fell below 50% 3317 | -10/Subcaves | Core integrity fell below 20% 3337 | -10/Subcaves | Destroyed by AV-FDZ(R) with Subdweller Machine Gun Last Messages --------------- 03290_ AV-FDZ(R): "ECOKILL!" 03292_ Acquired Sub. Monowheel. 03302_ Subatomizers dissect the Sub. Optics. 03306_ Sub. Beam Cannon shoots sparks and powers down. 03313_ AV-FDZ(R) affixes Scrap Shield Fragment to Scrap Shield. 03314_ Subatomizers dissect the Sub. Optics. 03319_ DZ-G88(R) affixes Scrap Shield Fragment to Scrap Shield. 03320_ Structural Scanner destroyed. 03322_ OP-RAJ(R) destroyed. 03324_ Lgt. Treads destroyed. 03326_ Critical hit (Destroy). 03326_ Ion Engine destroyed. 03329_ Subatomizers dissect the Sub. Optics. 03330_ AV-FDZ(R) affixes Scrap Shield Fragment to Scrap Shield. 03334_ Sub. Machine Gun destroyed. 03335_ Sub. Monowheel destroyed. Map ----- +----------------------------------------------------+ | | | | | | | | | | | ?????????????????????????????????????????????????? | | ?????????????????????????????????????????????????? | | ?????????????????????????????????????????????????? | | ?????????????????????????????????????????????????? | | ?????????????????????????????????????????????????? | | ?????????????????????????????????????????????????? | | ?????????????????????????????????????????????????? | | ?????????????????????????????????????????????????? | | ?????????????????????????????????????????????????? | | ?????????????????????????????????????????????????? | | ?????????????????????????????????????????????????? | | ?????????????????????????????????????????????????? | | ?????????????????????????????????????????????????? | | ###???????#########??????????????????????????????? | | ###################?????????#####????????????????? | | # ######### ##????????######????????????????? | | # " "# ### ####??????## ##????????????????? | | ["["" ##"## #####???### ##?###????????????? | | """""""""##"?"# ######### #######???????????? | | "" # ??"# ####### ## ###???????????? | | # #### #" " # #"#;@# ##???????????? | | # ##### ##""## [%R& ##???????????? | | # ###### #### !R% ### ???????????? | | # #### # = ## ## ####?????????????? | | ??## ;;# #### #### ?????????????? | | ### #### ? ##???????????????? | | ## ### ## #### ???????????????? | | #### ## #### ## # ?????????????? | | ## ## ###### ###### ????????????? | | # ## ####### "###### ?? ???????????? | | ### # ###??### "#??????? ??????????? | | ### # ##???######????????"" ?????????? | | #####""# ##????#####????????" ??????????? | | # "########???????????????????? ??????????? | | " ## #######????????????????????? ????????????? | | # ######???????????????????????????????????????? | | " # ######???????????????????????????????????????? | | &## ##???????????????????????????????????????????? | | ### ##???????????????????????????????????????????? | | ## ##???????????????????????????????????????????? | | ?## ???????????????????????????????????????????? | | ? ????????????????????????????????????????????? | | ?? ????????????????????????????????????????????? | | ?? ????????????????????????????????????????????? | | ?? ????????????????????????????????????????????? | +----------------------------------------------------+ Best States ------------- Heat Dissipation 25 Energy Generation 10 Energy Capacity 250 Matter Stores 300 Matter Capacity 300 Sight Range 16 Terrain Scan Density 10 Evasion (%) 50 Recoil Reduction 2 Item Schematics ----------------- None Robot Schematics ------------------ None Fabricated ------------ Nothing Repaired ---------- Nothing Studied --------- None Alien Tech Used ----------------- None Achievements -------------- None Challenges ------------ None Game ------ Seed RapidDrainedScrap Manual? 0 Play Time 00:10:45 Cumulative 526.5 hours Start 2025.11.10 @ 12:30:46 End 2025.11.10 @ 12:41:20 Sessions 1 Manual Loads 0 Difficulty Rogue Special Mode None Game No. 861 Rogue 706 Adventurer 148 Explorer 7 Win Type - Total 26 Types 20/1/4/1/0/0/0/0/0/0 Lore% 77 Gallery% 80 Achievement% 64 Wizard Run 0 Options --------- Layout 1 ASCII 0 Keyboard 0 Movement Numpad Keybinds 0 Fullscreen 2 Font 24/Smallcaps Map View 50x35 Zoom Use 0% Tactical HUD 1 Map Filters NONE Filters NONE Steam 1 RUN: 33f2b411-ebbc-4dce-b7e7-031101f4f564